 Dungeon Crawl Stone Soup version 0.27-a0-1196-g3e9cee4cb2 (webtiles) character file.

Game seed: 7741849827461076599

435 Anon1729 the Skirmisher (level 7, -1/49 HPs)
             Began as an Octopode Fighter on May 28, 2021.
             Slain by a sky beast (3 damage)
             ... on level 5 of the Dungeon.
             The game lasted 00:05:03 (4624 turns).

Anon1729 the Skirmisher (Octopode Fighter)          Turns: 4624, Time: 00:05:04

Health: -1/49      AC:  1    Str: 17    XL:     7   Next: 0%
Magic:  7/7        EV: 12    Int: 11    God:
Gold:   169        SH:  9    Dex: 11    Spells: 6/6 levels left

rFire    . . .     SeeInvis .     - Unarmed
rCold    . . .     Faith    .   a - +0 kite shield
rNeg     . . .     Spirit   .   (helmet restricted)
rPois    .         Reflect  .   (no amulet)
rElec    .         Harm     .   (no ring)
rCorr    .         Rampage  .   (no ring)
Will     .....                  (no ring)
Stlth    ++........             (no ring)
HPRegen  0.16/turn              (no ring)
MPRegen  0.10/turn              (no ring)
                                (no ring)
                                (no ring)

@: no status effects
A: almost no armour, amphibious, 8 rings, camouflage 1, gelatinous body 1,
(nimble swimmer 1), tentacles
a: no special abilities


You were on level 5 of the Dungeon.
You visited 1 branch of the dungeon, and saw 5 of its levels.

You collected 169 gold pieces.

Inventory:

Armour
 a - a +0 kite shield (worn)
Scrolls
 c - a scroll of enchant armour {unknown}
 e - 3 scrolls of noise {unknown}
 f - a scroll of torment {unknown}
 g - a scroll of identify {unknown}
 i - 2 scrolls of holy word {unknown}
 m - 2 scrolls of magic mapping {unknown}
 o - a scroll of acquirement {unknown}
 p - a scroll of summoning {unknown}
 r - a scroll of fear {unknown}
Potions
 b - a potion of might
 d - a potion of attraction {unknown}
 j - a potion of experience {unknown}
 k - a potion of ambrosia {unknown}
 l - a potion of haste {unknown}
 n - 3 potions of flight {unknown}
 q - 2 potions of heal wounds {unknown}


   Skills:
 + Level 4.5 Fighting
 + Level 4.5 Dodging
 + Level 4.5 Shields
 + Level 3.9 Unarmed Combat


You had 6 spell levels left.
You didn't know any spells.
Your spell library contained the following spells:

 Spells                   Type           Power      Damage    Failure   Level
 Corona                   Hex            0%         N/A       80%         1
 Ensorcelled Hibernation  Hex/Ice        0%         N/A       90%         2
 Confusing Touch          Hex            0%         N/A       99%         3
 Dazzling Flash           Conj/Hex       0%         N/A       99%         3
 Tukima's Dance           Hex            0%         N/A       99%         3


Dungeon Overview and Level Annotations

Branches:
Dungeon (5/15)
 Temple: D:4-7

Altars:
Okawaru
Qazlal
Xom

Annotations:
D:5 Edmund


Innate Abilities, Weirdness & Mutations

You cannot wear most types of armour.
You are amphibious.
You can wear up to eight rings at the same time.
Your skin changes colour to match your surroundings (Stealth+).
Your rubbery body absorbs attacks. (AC +1, EV +1)
((You are camouflaged near water. (Stealth+)))
You have tentacles for arms and can constrict up to eight enemies at once.


Message History

No target in view!
No target in view!
No target in view!
No target in view!
No target in view!
You closely miss something. Something hits you. Something shocks you.
Your shield prevents you from hitting something.
Something hits you. Something shocks you.
You aren't carrying any pieces of jewellery.
Unknown command.
You see here 15 sling bullets.
Your shield prevents you from hitting something.
Your squeeze misses something. Something barely misses you.
You miss something. Something hits you. Something shocks you.
Something hits you.
* * * LOW HITPOINT WARNING * * *
Something shocks you.
* * * LOW HITPOINT WARNING * * *
It was a potion of curing.
You feel better. Something hits you.
* * * LOW HITPOINT WARNING * * *
Something shocks you.
* * * LOW HITPOINT WARNING * * *
There is a stone staircase leading up here.
Found 12 gold pieces.
A sky beast comes into view.
A sky beast appears from thin air!
Reactivating autopickup.
You feel better.
The sky beast flickers out of sight!
Deactivating autopickup; reactivate with Ctrl-A.
Something hits you.
* * * LOW HITPOINT WARNING * * *
Something shocks you.
* * * LOW HITPOINT WARNING * * *
You feel better. Something hits you.
* * * LOW HITPOINT WARNING * * *
Something shocks you.
* * * LOW HITPOINT WARNING * * *
The sky beast hits you.
You die...

#.....## ..#.
####...## #..# #.#
##...###..# #.##
##...##..# ...##
##...#..###...#
#...<........####.
#........(.#......
#........Y..$.#
#.........@#...
#.......{..#
#.......@..#
............#
.##..........#
#######..### #..#
##.# #.


You could see Edmund and a sky beast.

Vanquished Creatures
  A necrophage (D:2)
  2 scorpions (D:4)
  A hound (D:3)
  Terence (D:3)
  2 hound skeletons (D:4)
  7 adders
  A worm (D:3)
  2 dart slugs
  3 orcs (D:4)
  8 endoplasms
  4 giant cockroaches
  6 goblins
  3 hobgoblins
  5 kobolds
  3 quokkas
  8 ball pythons
  10 bats
  5 frilled lizards
  A quokka skeleton (D:4)
  8 rats
81 creatures vanquished.

Vanquished Creatures (others)
  8 demonic plants (D:3)
  2 fungi (D:3)
  5 plants (D:3)
  4 withered plants (D:3)
19 creatures vanquished.

Grand Total: 100 creatures vanquished

Notes
Turn   | Place    | Note
-------+----------+-------------------------------------------
     0 | D:1      | Anon1729 the Octopode Fighter began the quest for the Orb.
     0 | D:1      | Reached XP level 1. HP: 16/16 MP: 1/1
   309 | D:1      | Reached XP level 2. HP: 21/21 MP: 2/2
   968 | D:1      | Reached XP level 3. HP: 25/26 MP: 3/3
  1304 | D:2      | Noticed a necrophage
  1318 | D:2      | Killed a necrophage
  1319 | D:2      | Reached XP level 4. HP: 28/33 MP: 4/4
  1319 | D:2      | Reached XP level 5. HP: 31/37 MP: 5/5
  1522 | D:2      | Found a shimmering altar of Xom.
  2336 | D:3      | Found a stormy altar of Qazlal.
  2444 | D:3      | Noticed Terence
  2450 | D:3      | Killed Terence
  2666 | D:3      | Found a faded altar of an unknown god.
  3089 | D:3      | Found an iron altar of Okawaru.
  3147 | D:3      | Reached XP level 6. HP: 32/43 MP: 6/6
  4251 | D:4      | Reached XP level 7. HP: 41/49 MP: 7/7
  4522 | D:5      | Entered Level 5 of the Dungeon
  4522 | D:5      | Noticed Edmund
  4615 | D:5      | HP: 2/49 [something (5)]
  4623 | D:5      | HP: 2/49 [something (5)]
  4624 | D:5      | Slain by a sky beast

Illustrated notes

Levels and vault maps discovered:
D:1:      sevenhm_arrival_forest_fort_large_2, layout_basic
D:2:      layout_rooms, basic_altar
D:3:      layout_basic, okawaru_trees_2, grunt_qazlal_clouds,
          shapermc_ecumenical_altar_gd, amethyst_killhole, grunt_decor_cap,
          kennysheep_generic_room_10, uniq_terence
D:4:      layout_loops_ring, worldfamousw_hep_ancestral_shrine,
          chequers_serial_rivers_marsh, wad_floor_pattern_untrapped,
          dk_rats_in_the_wall
D:5:      layout_rooms, serial_bayou_pond_e, uniq_edmund

Skill      XL: |  1  2  3  4  5 |
---------------+----------------+-----
Unarmed Combat | 3 |  3.9
Fighting       | 4 |  4.5
Shields        | 4 |  4.5
Dodging        | 4 |  4.5

Action                   |  1- 3 |  4- 6 |  7- 9 || total
-------------------------+-------+-------+-------++-------
Melee: Unarmed           |    59 |   141 |    11 ||   211
       Constrict         |    15 |    31 |     2 ||    48
       Tentacles         |     8 |    37 |     1 ||    46
       Punch             |       |     4 |       ||     4
  Use: Potion            |       |       |     3 ||     3
 Stab: Sleeping          |     5 |    15 |     2 ||    22
Armor: Skin              |     8 |     8 |       ||    16
Dodge: Dodged            |    37 |    65 |     2 ||   104
Block: Kite shield       |    23 |    54 |     3 ||    80

Table legend: (Time is in decaauts)
 A = Elapsed time spent in this place.
 B = Non-inter-level travel time spent in this place.
 C = Inter-level travel time spent in this place.
 D = Time resting spent in this place.
 E = Time spent auto-exploring this place.
 F = Levels seen in this place.
 G = Mean time per level.
                   A        B        C        D        E       F      G
               +--------+--------+--------+--------+--------+-----+--------+
         Total |   4658 |   4436 |    222 |    635 |   3094 |   5 |  931.6 |
       Dungeon |   4658 |   4436 |    222 |    635 |   3094 |   5 |  931.6 |
               +--------+--------+--------+--------+--------+-----+--------+

Top non-repeatable levels by time:
     D:3: 1568 daAuts
     D:1: 1291 daAuts
     D:4: 968 daAuts
     D:2: 727 daAuts
     D:5: 102 daAuts
